 Dungeon Crawl Stone Soup version 0.28-a0-1594-ga885d4b3d6 (webtiles) character file.

Game seed: 2659227224053546629

177006 fragbeetle the Carver (level 17, -1/140 HPs)
             Began as a Palentonga Abyssal Knight on Jan 20, 2022.
             Was the Champion of Lugonu.
             Killed from afar by a shock serpent (24 damage)
             ... with a bolt of electricity
             ... on level 3 of the Snake Pit.
             The game lasted 02:05:55 (39728 turns).

fragbeetle the Carver (Palentonga Abyssal Knight)  Turns: 39728, Time: 02:05:56

Health: -1/140     AC: 39    Str: 23    XL:     17   Next: 52%
Magic:  35/35      EV: 23    Int: 14    God:    Lugonu [******]
Gold:   427        SH: 20    Dex: 14    Spells: 3/16 levels left

rFire   + + .      SeeInvis +   a - +8 long sword of Tatujipt {vorpal, Will++}
rCold   + + .      Faith    .   h - +3 tower shield of the Iron City of Dis {Will+ MP+9 Str+2 Int+3}
rNeg    + . .      Spirit   .   p - +3 troll leather armour {Snorg}
rPois   +          Reflect  .   W - +0 helmet
rElec   .          Harm     .   N - scarf {rC+ rF+}
rCorr   .          Rampage  .   t - +0 pair of gloves
Will    +++++                   O - +10 Black Knight's barding {ponderous, rPois rN+}
Stlth   +.........              G - amulet of the acrobat
HPRegen 1.13/turn               i - ring "Kecsydd" {rC+ Will+ AC+4}
MPRegen 0.24/turn               M - ring of protection from fire

@: acrobatic, studying Conjurations, curled up, slow
A: large, rugged brown scales 3, see invisible, deformed body, roll 1, armoured
tail, reflexive curl
a: Rolling Charge, Renounce Religion, Depart the Abyss, Bend Space, Banish,
Corrupt, Enter the Abyss, Brand Weapon With Distortion


You were on level 3 of the Snake Pit.
You worshipped Lugonu.
Lugonu was exalted by your worship.
You visited 5 branches of the dungeon, and saw 27 of its levels.
You visited the Abyss 1 time.
You also visited: Ossuary and Ice Cave.

You collected 2328 gold pieces.
You spent 1901 gold pieces at shops.

Inventory:

Hand Weapons
 a - the +8 long sword of Tatujipt (weapon) {vorpal, Will++}
   (You found it on level 2 of the Dungeon)

   It inflicts extra damage upon your enemies.
   Will:      It greatly increases your willpower.
 b - a +2 hunting sling of flaming
 y - the +11 battleaxe of Ruination {vorpal, +Blink Fly Dex+4}
   (You took it off a naga on level 2 of the Snake Pit)

   It inflicts extra damage upon your enemies.
   Dex:       It affects your dexterity (+4).
   Fly:       It grants you flight.
   +Blink:    It lets you blink.
 B - a +2 scimitar of electrocution
 J - a +1 scimitar of flaming
Missiles
 j - 30 poisoned darts
 u - 2 atropa-tipped darts
 w - 5 datura-tipped darts
 R - 97 sling bullets
Armour
 h - the +3 tower shield of the Iron City of Dis (worn) {Will+ MP+9 Str+2 Int+3}
   (You found it on level 1 of the Lair of Beasts)

   Str:       It affects your strength (+2).
   Int:       It affects your intelligence (+3).
   MP:        It affects your magic capacity (+9).
   Will:      It increases your willpower.
 l - a +0 kite shield of poison resistance
 m - a +1 barding of stealth
 p - a +3 troll leather armour (worn) {Snorg}
 t - a +0 pair of gloves (worn)
 N - a scarf of resistance (worn)
 O - the +10 Black Knight's barding (worn) {ponderous, rPois rN+}
   (You acquired it on level 2 of the Orcish Mines)

   rPois:     It protects you from poison.
   rN:        It protects you from negative energy.
 W - a +0 helmet (worn)
Jewellery
 i - the ring "Kecsydd" (left hand) {rC+ Will+ AC+4}
   (You found it on level 6 of the Lair of Beasts)

   [ring of protection]

   AC:        It affects your AC (+4).
   rC:        It protects you from cold.
   Will:      It increases your willpower.
 n - a ring of protection from cold
 G - an amulet of the acrobat (around neck)
 H - a +4 ring of protection
 M - a ring of protection from fire (right hand)
Wands
 g - a wand of iceblast (22)
 L - a wand of polymorph (27)
 Q - a wand of charming (2)
 T - a wand of paralysis (23)
 X - a wand of mindburst (17)
 Y - a wand of acid (6)
 Z - a wand of flame (8)
Scrolls
 d - 7 scrolls of fear
 k - 11 scrolls of teleportation
 s - 2 scrolls of immolation
 v - a scroll of identify
 A - 2 scrolls of holy word
 D - 3 scrolls of magic mapping
 F - 5 scrolls of fog
 P - 2 scrolls of brand weapon
 S - a scroll of amnesia
Potions
 c - 3 potions of brilliance
 e - 5 potions of resistance
 o - a potion of cancellation
 q - 2 potions of might
 r - a potion of curing
 x - 10 potions of lignification
 z - 3 potions of invisibility
 E - 9 potions of flight
 I - 2 potions of berserk rage
 V - a potion of ambrosia
Miscellaneous
 f - a phantom mirror
 U - a condenser vane


   Skills:
 + Level 11.3 Fighting
 - Level 14.0 Long Blades
 - Level 5.0 Slings
 * Level 10.7 Armour
 - Level 7.1 Dodging
 * Level 11.2 Shields
 + Level 5.7 Conjurations
 + Level 10.4 Hexes
 + Level 5.3 Summonings
 - Level 5.0 Translocations
 + Level 4.2 Ice Magic
 + Level 12.7 Invocations


You had 3 spell levels left.
You knew the following spells:

 Your Spells              Type           Power      Damage    Failure   Level
a - Portal Projectile     Hex/Tloc       42%        N/A       16%         3
b - Slow                  Hex            100%       N/A       1%          1
c - Apportation           Tloc           28%        N/A       16%         1
d - Summon Guardian Gole  Hex/Summ       22%        N/A       14%         3
e - Metabolic Englaciati  Hex/Ice        10%        N/A       86%         5

Your spell library contained the following spells:

 Spells                   Type           Power      Damage    Failure   Level
 Confusing Touch          Hex            29%        N/A       4%          3
 Summon Small Mammal      Summ           60%        N/A       13%         1
 Call Canine Familiar     Summ           15%        N/A       36%         3
 Inner Flame              Hex/Fire       14%        N/A       38%         3
 Static Discharge         Conj/Air       8%         N/A       50%         2
 Frozen Ramparts          Ice            22%        1d4       54%         3
 Conjure Flame            Conj/Fire      8%         6-21      73%         3
 Animate Skeleton         Necr           0%         N/A       75%         1
 Ignite Poison            Fire/Tmut/Pois 0%         N/A       98%         3
 Vampiric Draining        Necr           0%         2d6       98%         3
 Cause Fear               Hex            14%        N/A       17%         4
 Hailstorm                Conj/Ice       14%        3d5       83%         4
 Animate Armour           Summ/Erth      14%        N/A       98%         4
 Sticky Flame             Conj/Fire      8%         2d3       98%         4
 Dispel Undead            Necr           0%         3d6       100%        4
 Alistair's Intoxication  Tmut/Pois      0%         N/A       100%        5
 Blade Hands              Tmut           0%         N/A       100%        5
 Excruciating Wounds      Necr           0%         N/A       100%        5
 Iron Shot                Conj/Erth      4%         9d2       100%        6
 Discord                  Hex            14%        N/A       100%        8
 Polar Vortex             Ice            5%         N/A       100%        9


Dungeon Overview and Level Annotations

Branches:
Dungeon (15/15)            Temple (1/1) D:5            Lair (6/6) D:10
 Shoals (0/4) Lair:3        Snake (3/4) Lair:3        Slime (0/5) Lair:6
    Orc (2/2) D:12            Elf (0/3) Orc:2        Vaults (0/5) D:14
 Depths (0/4) D:15        Ossuary (visited)           IceCv (visited)

Altars:
Ashenzari
Cheibriados
Dithmenos
Elyvilon
Fedhas
Gozag
Hepliaklqana
Kikubaaqudgha
Makhleb
Nemelex Xobeh
Okawaru
Qazlal
Ru
Sif Muna
Trog
Uskayaw
Vehumet
Wu Jian
Xom
Yredelemnul
Zin
The Shining One
Beogh
Jiyva

Shops:
D:4 [   D:5 :   D:9 [   D:10 ?   D:14 ?   D:15 *   Orc:1 *   Orc:2 ([*?
Snake:2 *   Snake:3 ?*?

Annotations:
D:3 exclusion: oklob plant
D:4 2 transporters
D:7 2 transporters, testman's ghost, novice DjWz
D:12 2 transporters, Duick's ghost, journeyman TrMo
Lair:4 3 runed translucent doors, Muczeymn's ghost, journeyman OgTm
Abyss:1 Urug


Innate Abilities, Weirdness & Mutations

You are completely covered in rugged brown scales. (AC +3, +7% HP)
You have supernaturally acute eyesight. (SInv)
Armour fits poorly on your strangely shaped body.
You can roll at nearby foes to attack.
You have a long armoured tail.
You curl defensively after being hit. (AC +7*)


Message History

The salamander goes into a battle-frenzy!
The naga warrior constricts you.
* * * LOW HITPOINT WARNING * * *
The salamander hits you but does no damage.
You hear a shout!
The naga warrior blocks your attack. x2
The naga warrior is almost dead.
The naga warrior spits poison at you. The splash of poison hits you.
You are poisoned.
You resist.
* * * LOW HITPOINT WARNING * * *
The naga warrior constricts you. You block the salamander's attack.
There's nothing you can charge at!
As you read the scroll of teleportation, it crumbles to dust.
You feel strangely unstable.
You feel sick.
The naga warrior hits you but does no damage.
The naga warrior constricts you.
* * * LOW HITPOINT WARNING * * *
The salamander hits you but does no damage.
Space bends sharply around you!
You escape the naga warrior's grasp.
You blink.
You feel sick.
A naga mage comes into view. It is wielding a +0 club.
The guardian serpent casts a spell at you.
The bolt of poison misses you.
A shock serpent comes into view.
You feel sick.
Your surroundings suddenly seem different.
You feel sick.
Found a stone staircase leading up.
You feel sick.
Unknown command.
You feel sick.
You are no longer poisoned.
Found an escape hatch in the ceiling.
The shock serpent hisses angrily.
The shock serpent shoots out a bolt of lightning at you!
The bolt of electricity misses you.
The shock serpent shoots out a bolt of lightning at you!
The bolt of electricity hits you!!
You die...

.............[.........
........................
........................
..........S.............
........................
........................
.....##...............
.... ##.............. .
#......@.......
##.##..........
##.#..##.<.... #..#
...... ##.# ..... ##.
..<.. # .... ...#


You could see a shock serpent.

Vanquished Creatures
  Vashnia (Snake:2)
  4 nagarajas
  A reaper (IceCv)
  Snorg (D:12)
  An ettin (Orc:2)
  5 boulder beetles
  A salamander tyrant (Snake:3)
  12 naga warriors
  3 hydras
  A catoblepas (Lair:3)
  A caustic shrike simulacrum (IceCv)
  3 vault guards (D:14)
  3 centaur warriors
  7 anacondas
  4 two-headed ogres
  An alligator (Lair:6)
  8 naga sharpshooters
  3 tengu warriors
  7 death yaks
  7 shock serpents
  Nergalle (Lair:4)
  2 orc high priests (Orc:2)
  6 salamander mystics
  4 sea snakes (Snake:3)
  A steelbarb worm (shapeshifter) (D:10)
  7 naga ritualists
  A phantasmal warrior (D:11)
  2 spriggan simulacra (IceCv)
  An obsidian statue (IceCv)
  A lindwurm (Lair:4)
  3 wizards (D:15)
  A bog body (IceCv)
  An orange crystal statue (IceCv)
  A necromancer (D:15)
  An orc knight (Orc:1)
  A wolf spider zombie (D:15)
  17 mana vipers
  2 deep elf pyromancers
  18 ugly things
  An oklob plant (Lair:6)
  4 orc sorcerers
  9 salamanders
  2 cyclopes (D:14)
  14 elephants
  6 manticores
  5 guardian serpents
  45 black mambas
  9 naga magi
  A torpor snail (Lair:5)
  7 cane toads
  A gargoyle (D:14)
  An efreet (D:14)
  4 komodo dragons
  An unseen horror (D:13)
  13 freezing wraiths
  3 rime drakes
  5 ice devils (IceCv)
  An anaconda simulacrum (IceCv)
  3 kobold demonologists (D:11)
  2 entropy weaver simulacra (IceCv)
  A tengu conjurer (D:15)
  4 meliai
  5 trolls
  6 polar bears
  4 hornets (Lair:6)
  8 slime creatures
  A harpy skeleton (D:15)
  6 dream sheep
  31 blink frogs
  A snapping turtle (Lair:3)
  A jumping spider (shapeshifter) (D:14)
  A shadow (D:11)
  A water elemental (D:14)
  9 spriggans (Lair:6)
  Sigmund (D:3)
  4 wyverns
  A vampire (D:13)
  69 yaks
  8 vampire mosquitoes
  4 basilisks
  A steam dragon (D:9)
  Edmund (D:6)
  3 wargs (D:12)
  A harpy simulacrum (IceCv)
  A minotaur simulacrum (IceCv)
  32 nagas
  A swamp worm (shapeshifter) (D:14)
  19 water moccasins
  2 acid dragons
  31 orc warriors
  An alligator simulacrum (IceCv)
  An ice beast (D:5)
  6 black bears
  4 boggarts (Lair:6)
  46 wolves
  6 centaurs
  A necrophage (D:4)
  7 ogres
  2 elf zombies (Ossuary)
  5 kobold brigands
  8 bullfrogs
  3 scorpions
  2 deep troll simulacra (IceCv)
  A water moccasin skeleton (D:4)
  3 killer bees (D:11)
  A lindwurm simulacrum (IceCv)
  A howler monkey (D:12)
  2 human zombies (Ossuary)
  10 centaur zombies
  4 hounds
  4 centaur skeletons
  A jelly (D:6)
  20 orc priests
  Jessica (D:3)
  5 iguanas
  24 orc wizards
  2 hell rats (Lair:1)
  A killer bee zombie (D:7)
  A hound skeleton (D:4)
  2 mummies (Ossuary)
  A howler monkey zombie (D:7)
  7 gnolls
  14 adders
  A howler monkey skeleton (D:5)
  11 river rats (Lair:1)
  An adder skeleton (D:2)
  3 adder zombies
  7 worms
  3 dart slugs
  88 orcs
  A bat zombie (D:2)
  7 endoplasms
  2 giant cockroaches
  6 hobgoblins
  22 kobolds
  2 quokkas
  11 ball pythons
  A ball python zombie (D:2)
  5 bats
  3 frilled lizards
  7 goblins
  13 hobgoblin zombies (Ossuary)
  3 jackal zombies (Ossuary)
  6 kobold zombies (Ossuary)
  9 orc zombies (Ossuary)
  A quokka zombie (D:2)
  9 rats
959 creatures vanquished.

Vanquished Creatures (others)
  5 bushes (D:10)
  64 fungi
  86 plants
155 creatures vanquished.

Grand Total: 1114 creatures vanquished

Notes
Turn   | Place    | Note
-------+----------+-------------------------------------------
     0 | Abyss:1  | fragbeetle the Palentonga Abyssal Knight began the quest
                  | for the Orb.
     0 | Abyss:1  | Reached XP level 1. HP: 19/19 MP: 2/2
    36 | D:1      | Escaped the Abyss
   373 | D:1      | Reached skill level 1 in Dodging
   408 | D:1      | Found a faded altar of an unknown god.
   409 | D:1      | Reached XP level 2. HP: 25/25 MP: 3/3
   999 | D:1      | Reached ** piety under Lugonu
  1398 | D:1      | Reached XP level 3. HP: 31/31 MP: 4/4
  1576 | D:2      | Reached skill level 3 in Long Blades
  2335 | D:2      | Identified the +8 long sword of Tatujipt {vorpal, Will++}
  2368 | D:2      | Found a burning altar of Makhleb.
  2394 | D:2      | Reached XP level 4. HP: 37/37 MP: 6/6
  2680 | D:3      | Reached *** piety under Lugonu
  2815 | D:3      | Found a blossoming altar of Fedhas.
  2841 | D:3      | Noticed an oklob plant
  2919 | D:3      | Found a shadowy altar of Dithmenos.
  2931 | D:3      | Noticed Sigmund
  2949 | D:3      | Killed Sigmund
  2950 | D:3      | Reached skill level 4 in Long Blades
  2950 | D:3      | Reached skill level 1 in Shields
  2950 | D:3      | Reached XP level 5. HP: 40/43 MP: 7/7
  3001 | D:3      | Reached XP level 6. HP: 41/50 MP: 8/8
  3114 | D:3      | Reached skill level 5 in Long Blades
  3712 | D:3      | Found a white marble altar of Elyvilon.
  3774 | D:3      | Noticed Jessica
  3776 | D:3      | Killed Jessica
  4096 | D:4      | Gained mutation: You curl defensively after being hit. (AC
                  | +7*) [Palentonga growth]
  4096 | D:4      | Reached XP level 7. HP: 55/55 MP: 10/10
  4109 | D:4      | Found a transporter.
  4225 | D:4      | Found a snail-covered altar of Cheibriados.
  4233 | D:4      | Found a basalt altar of Yredelemnul.
  4310 | D:4      | Reached skill level 6 in Long Blades
  4378 | D:4      | Found Urinept's Armour Emporium.
  4613 | D:4      | Reached skill level 5 in Invocations
  4682 | D:4      | Found a transporter.
  4923 | D:5      | Entered Level 5 of the Dungeon
  4936 | D:5      | Noticed a two-headed ogre
  5378 | D:5      | Found a staircase to the Ecumenical Temple.
  5384 | Temple   | Entered the Ecumenical Temple
  5563 | D:5      | Banished a two-headed ogre
  5564 | D:5      | Reached skill level 8 in Long Blades
  5564 | D:5      | Reached XP level 8. HP: 62/62 MP: 6/12
  6183 | D:5      | Found Ashox's Book Boutique.
  6295 | D:5      | Reached **** piety under Lugonu
  6482 | D:6      | Found a sand-covered staircase.
  6490 | Ossuary  | Entered an ossuary
  6594 | Ossuary  | Reached XP level 9. HP: 49/67 MP: 14/14
  6851 | D:6      | Reached ***** piety under Lugonu
  6917 | D:6      | Reached skill level 9 in Long Blades
  7525 | D:6      | Noticed Edmund
  7533 | D:6      | Killed Edmund
  7714 | D:7      | Found a transporter.
  7716 | D:7      | Noticed a kobold demonologist
  7877 | D:7      | Reached skill level 5 in Shields
  8419 | D:7      | Found a transporter.
  8433 | D:7      | Noticed testman's ghost (novice DjWz)
  8998 | D:8      | Reached skill level 10 in Long Blades
  9933 | D:9      | Noticed a brown ugly thing
  9949 | D:10     | Entered Level 10 of the Dungeon
  9949 | D:10     | Found Oreimnist's Magic Scroll Shoppe.
  9955 | D:10     | Bought a scroll of identify for 24 gold pieces
  9955 | D:10     | Bought a scroll of teleportation for 36 gold pieces
  9955 | D:10     | Bought a scroll of enchant weapon for 90 gold pieces
  9958 | D:10     | Bought a scroll of identify for 24 gold pieces
  9958 | D:10     | Bought a scroll of identify for 24 gold pieces
  9958 | D:10     | Bought a scroll of identify for 24 gold pieces
 10196 | D:10     | Found a shimmering blue altar of Sif Muna.
 10291 | D:10     | Reached XP level 10. HP: 74/74 MP: 16/16
 10300 | D:10     | Reached skill level 11 in Long Blades
 10375 | D:10     | HP: 2/74 [poisoned by a water moccasin]
 11082 | D:10     | Noticed a two-headed ogre
 11083 | D:10     | Banished a two-headed ogre
 11084 | D:10     | Reached skill level 12 in Long Blades
 11232 | D:10     | Noticed a two-headed ogre
 11234 | D:10     | Banished a two-headed ogre
 11234 | D:10     | Noticed a two-headed ogre
 11235 | D:10     | Reached skill level 10 in Invocations
 11246 | D:10     | Banished a two-headed ogre
 11247 | D:10     | Reached XP level 11. HP: 80/80 MP: 10/18
 11316 | D:10     | Reached skill level 13 in Long Blades
 11383 | D:10     | Noticed a steelbarb worm
 11383 | D:10     | a merfolk changed into a steelbarb worm
 11393 | D:10     | Killed a steelbarb worm
 11523 | D:10     | Found a staircase to the Lair.
 11658 | D:10     | Learned a level 3 spell: Portal Projectile
 11992 | D:9      | Banished a brown ugly thing
 11993 | D:9      | Reached skill level 1 in Hexes
 12028 | D:9      | Found Ziblyoph's Antique Armour Emporium.
 12976 | D:11     | Noticed a cyan ugly thing
 12977 | D:11     | Banished a cyan ugly thing
 13051 | D:11     | Noticed a two-headed ogre
 13072 | D:11     | Killed a two-headed ogre
 13939 | Lair:1   | Entered Level 1 of the Lair of Beasts
 13947 | Lair:1   | Identified the +3 tower shield of the Iron City of Dis
                  | {Will+ MP+9 Str+2 Int+3}
 13966 | Lair:1   | Learned a level 1 spell: Slow
 14388 | Lair:1   | Reached skill level 5 in Fighting
 14499 | Lair:1   | Reached skill level 14 in Long Blades
 14517 | Lair:1   | Reached XP level 12. HP: 32/92 MP: 19/19
 16117 | Lair:1   | Found the +8 whip "Snakebite" {venom, curare, rPois}
 16975 | Lair:2   | Reached skill level 5 in Armour
 17050 | Lair:2   | Reached skill level 1 in Slings
 17055 | Lair:2   | Reached skill level 5 in Hexes
 17655 | Lair:3   | Noticed Urug
 17661 | Lair:3   | Banished Urug
 17662 | Lair:3   | Reached skill level 5 in Dodging
 17690 | Lair:3   | Noticed a death yak
 17690 | Lair:3   | Noticed a death yak
 17712 | Lair:2   | Killed a death yak
 17884 | Lair:3   | Noticed a death yak
 17884 | Lair:3   | Noticed a death yak
 17905 | Lair:2   | Killed a death yak
 18157 | Lair:3   | Noticed a catoblepas
 18187 | Lair:3   | Reached XP level 13. HP: 71/101 MP: 20/20
 18797 | Lair:3   | Found a staircase to the Snake Pit.
 19326 | Lair:3   | Found a staircase to the Shoals.
 20580 | Lair:4   | Noticed Nergalle
 20593 | Lair:4   | Killed Nergalle
 20921 | Lair:4   | Found a runed translucent gate.
 20921 | Lair:4   | Found a runed translucent gate.
 20921 | Lair:4   | Found a runed translucent gate.
 20922 | Lair:4   | Noticed Muczeymn's ghost (journeyman OgTm)
 22050 | Lair:5   | Reached ****** piety under Lugonu
 22777 | Lair:5   | Learned a level 1 spell: Apportation
 22886 | Lair:5   | Reached XP level 14. HP: 43/112 MP: 11/21
 22887 | Lair:5   | HP: 3/112 [torpor snail (4)]
 22903 | Lair:6   | Entered Level 6 of the Lair of Beasts
 23312 | Lair:5   | Reached skill level 1 in Translocations
 23365 | Lair:5   | HP: 4/113 [blink frog (14)]
 24443 | Lair:6   | Identified the ring "Kecsydd" {rC+ Will+ AC+4}
 24838 | Lair:6   | Identified the +5 quarterstaff "Jiosch" {pain, rElec Str+5}
 25019 | Lair:6   | Found a staircase to the Slime Pits.
 25020 | Lair:6   | Found a viscous altar of Jiyva.
 25821 | Lair:6   | Learned a level 3 spell: Summon Guardian Golem
 27698 | D:12     | Found a staircase to the Orcish Mines.
 28036 | D:12     | Noticed Duick's ghost (journeyman TrMo)
 28040 | D:12     | Found a transporter.
 28793 | D:12     | Reached skill level 1 in Summonings
 29116 | D:12     | Noticed Snorg
 29127 | D:12     | Killed Snorg
 29128 | D:12     | Reached skill level 5 in Slings
 29321 | D:12     | Found a transporter.
 29407 | Orc:1    | Entered Level 1 of the Orcish Mines
 29838 | Orc:2    | Entered Level 2 of the Orcish Mines
 29838 | Orc:2    | Found a staircase to the Elven Halls.
 30215 | Orc:1    | Reached XP level 15. HP: 121/121 MP: 23/23
 30412 | Orc:2    | Found Ihoezy's Assorted Antiques.
 30418 | Orc:2    | Bought a scroll of teleportation for 48 gold pieces
 30827 | Orc:2    | Found Jaticu's Magic Scroll Shoppe.
 30855 | Orc:2    | Bought a scroll of identify for 28 gold pieces
 30855 | Orc:2    | Bought a scroll of identify for 28 gold pieces
 30855 | Orc:2    | Bought a scroll of identify for 28 gold pieces
 30855 | Orc:2    | Bought a scroll of identify for 28 gold pieces
 30855 | Orc:2    | Bought a scroll of identify for 28 gold pieces
 30855 | Orc:2    | Bought a scroll of identify for 28 gold pieces
 30855 | Orc:2    | Bought a scroll of magic mapping for 49 gold pieces
 30855 | Orc:2    | Bought a scroll of noise for 14 gold pieces
 30867 | Orc:2    | Identified a scroll of acquirement
 30869 | Orc:2    | Acquired the +10 Black Knight's barding {ponderous, rPois
                  | rN+}
 30869 | Orc:2    | Found the +10 Black Knight's barding {ponderous, rPois rN+}
 31096 | Orc:2    | Noticed an orc warlord
 31137 | Orc:2    | Banished an orc warlord
 31568 | Orc:2    | Found Futiapp's Antique Weapon Shop.
 31583 | Orc:2    | Found Dihuuc's Antique Armour Boutique.
 31694 | Orc:1    | Found Ycloullu's Assorted Antiques.
 31731 | Orc:1    | Bought a scroll of identify for 48 gold pieces
 32553 | D:13     | Identified the +1 robe of Shielding {rF+ Str+4 Dex+5}
 32817 | D:14     | Found a frozen archway.
 32851 | IceCv    | Entered an ice cave
 33389 | IceCv    | HP: 6/123 [reaper (4)]
 33520 | IceCv    | Got Zikos's Guide on the Snowflakes
 33693 | D:14     | Learned a level 5 spell: Metabolic Englaciation
 33920 | D:14     | Reached skill level 10 in Fighting
 33943 | D:14     | Found an iron altar of Okawaru.
 34155 | D:14     | Found a gate to the Vaults.
 34161 | D:14     | Reached skill level 5 in Translocations
 34298 | D:14     | Found Suvoxes's Magic Scroll Boutique.
 34332 | D:14     | Bought a scroll of identify for 30 gold pieces
 34332 | D:14     | Bought a scroll of identify for 30 gold pieces
 34332 | D:14     | Bought a scroll of identify for 30 gold pieces
 34337 | D:14     | Bought 2 scrolls of teleportation for 90 gold pieces
 34337 | D:14     | Bought a scroll of magic mapping for 52 gold pieces
 34467 | D:14     | Reached skill level 1 in Ice Magic
 34694 | D:15     | Entered Level 15 of the Dungeon
 34924 | D:15     | Reached XP level 16. HP: 118/130 MP: 24/24
 35139 | D:15     | Found Jiguu's Demolitions Depot.
 35149 | D:15     | Bought a manual of Conjurations for 1120 gold pieces
 35294 | D:15     | Identified the +8 war axe of Wounding {freeze, rElec Str+3}
 35387 | D:15     | Found a staircase to the Depths.
 35828 | Snake:1  | Entered Level 1 of the Snake Pit
 35857 | Lair:3   | Reached skill level 1 in Conjurations
 35867 | Lair:3   | Reached skill level 10 in Shields
 37261 | Snake:2  | Reached skill level 10 in Armour
 37531 | Snake:2  | Noticed Vashnia
 37578 | Snake:2  | Killed Vashnia
 37786 | Snake:2  | Identified the +11 battleaxe of Ruination {vorpal, +Blink
                  | Fly Dex+4}
 37908 | Snake:1  | HP: 6/132 [poisoned by a nagaraja (poison arrow)]
 37954 | Snake:1  | Reached skill level 10 in Hexes
 37954 | Snake:1  | Reached XP level 17. HP: 12/139 MP: 26/26
 38448 | Snake:2  | Found Kitwucom's General Store.
 38981 | Snake:3  | HP: 4/140 [guardian serpent (9)]
 38986 | Snake:3  | HP: 3/140 [poisoned by a naga (splash of poison)]
 38991 | Snake:3  | HP: 4/140 [poisoned by a naga (splash of poison)]
 39018 | Snake:3  | Reached skill level 5 in Conjurations
 39018 | Snake:3  | Reached skill level 5 in Summonings
 39148 | Snake:3  | Found Yhooxe's Magic Scroll Shop.
 39151 | Snake:3  | Found Coxteaxt's General Store.
 39219 | Snake:3  | Found Zoucex's Magic Scroll Shop.
 39728 | Snake:3  | Killed from afar by a shock serpent

Illustrated notes

Levels and vault maps discovered:
D:1:      ncdulo_halloftheorcs, layout_loops_cross,
          ebering_ecumenical_altar_petrified
D:2:      layout_basic, serial_undead, serial_undead_a, serial_undead_d,
          serial_undead_e, serial_undead_a, basic_altar
D:3:      layout_loops_ring, nicolae_dithmenos_shadow_blocks,
          general_overflow_altar, tgw_fedhas, cheibrodos_gnoll_hut,
          uniq_sigmund, uniq_jessica
D:4:      gammafunk_steamed_eel, layout_basic, minitemple, serial_shops,
          nicolae_shop_advertising_works [nicolae_subvault_shop_adworks],
          grunt_decor_junction, corexii_shack, saegor_snake_ambush
D:5:      layout_basic, temple_green, serial_shops, nicolae_stop_n_shop_2
D:6:      layout_basic, nicolae_ossuary_entry_plus, uniq_edmund
D:7:      layout_basic, nzn_ghost_randoct, lightli_minifort
D:8:      minmay_flawed_box, layout_basic
D:9:      layout_cross, serial_glass, glass_columns_a, glass_columns_a,
          serial_shops, nicolae_shop_hallway_plus
D:10:     layout_loops_ring, lemuel_blue_sif_altar, minmay_lair_entry_grove,
          serial_shops, nicolae_stop_n_shop_1
D:11:     layout_roguey, nrook_uturn
D:12:     layout_irregular_city, david_orc_3, gammafunk_ghost_arena, uniq_snorg
D:13:     layout_roguey
D:14:     layout_basic, lightli_vaults_fourway_checkpoint, minivault_26,
          portal_ice_cave_entry_pillars_2, serial_glass, glass_columns_b,
          glass_columns_b, glass_columns_a, glass_columns_b, glass_columns_a,
          glass_columns_a, serial_shops, shop_coins, okawaru_ov_weapons_minmay
D:15:     grunt_enter_depths_magical_seal, layout_basic, grunt_decor_resistance,
          nicolae_blasting_shop, hellmonk_bongcloud_opening
Temple:   nicolae_temple_elliptical
Lair:1:   minmay_guarded_unrand_snakebite, layout_chaotic_city,
          chequers_serial_rivers_micro_a, kennysheep_rathole,
          grunt_megastairs_3, serial_bayou_shore_b, infiniplex_staircase_pool_2
Lair:2:   layout_big_grid
Lair:3:   layout_loops_ring, minmay_shoals_entry_hut,
          guppyfry_snake_entry_island, minivault_23, grunt_megastairs_2,
          uniq_urug
Lair:4:   gammafunk_indiana_jones, layout_small_grid, ebering_ghost_rock_garden,
          uniq_nergalle
Lair:5:   layout_misc_corridors, grunt_megastairs_5
Lair:6:   minmay_lair_end_enchanted_forest, layout_loops_ring, slime_altar_1,
          lemuel_fruit_tree, grunt_megastairs_1
Snake:1:  layout_basic, st_stairs_4
Snake:2:  layout_misc_corridors, serial_shops, shop,
          nicolae_snake_salamander_stairs, uniq_vashnia
Snake:3:  layout_grid_shapes, abandoned_shop, nicolae_snake_springs,
          minmay_shop_star
Orc:1:    layout_caves, serial_shops, nicolae_diamond_shop
Orc:2:    grunt_orc_community_town_hall, layout_caves,
          grunt_orc_community_big_house_2, grunt_orc_community_big_house_1,
          grunt_orc_community_house_3, grunt_orc_community_house_3,
          grunt_orc_community_house_2, grunt_orc_community_house_2, basic_altar,
          minmay_orc_temple_b

Skill      XL: |  1  2  3  4  5  6  7  8  9 10 11 12 13 14 15 16 17 |
---------------+----------------------------------------------------+-----
Dodging        | 1 3 5 6 7 |  7.1
Armour         | 2 4 5 6 7 9 10 | 10.7
Long Blades    | 3 4 5 8 10 12 14 | 14.0
Invocations    | 3 4 6 8 10 11 12 | 12.7
Shields        | 1 2 3 4 5 6 7 8 9 10 11 | 11.2
Hexes          | 3 5 7 8 9 10 | 10.4
Fighting       | 5 6 8 9 10 11 | 11.3
Slings         | 2 4 5 |  5.0
Translocations | 3 5 |  5.0
Summonings     | 1 3 4 5 |  5.3
Ice Magic      | 1 3 4 |  4.2
Conjurations   | 4 5 |  5.7

Action                   |  1- 3 |  4- 6 |  7- 9 | 10-12 | 13-15 | 16-18 || total
-------------------------+-------+-------+-------+-------+-------+-------++-------
Melee: Falchion          |   139 |       |       |       |       |       ||   139
       Tailslap          |    11 |     6 |    45 |    95 |   294 |   203 ||   654
       Long sword        |     8 |    66 |   339 |   491 |  1672 |  1029 ||  3605
       Scimitar          |       |       |       |       |     4 |    12 ||    16
 Fire: Hunting sling     |       |       |     3 |     7 |    12 |       ||    22
Throw: Dart              |       |       |     1 |       |       |       ||     1
 Cast: Summon Guardian G |       |       |       |       |     1 |     1 ||     2
       Portal Projectile |       |       |       |       |     1 |       ||     1
       Slow              |       |       |       |       |       |     2 ||     2
Invok: Banish            |       |       |     3 |     8 |    18 |     1 ||    30
       Bend Space        |       |       |       |       |     5 |     3 ||     8
 Abil: Rolling Charge    |    26 |    16 |    54 |    51 |   169 |    85 ||   401
Evoke: Wand              |       |       |       |       |     5 |    11 ||    16
       Condenser vane    |       |       |       |       |       |     1 ||     1
  Use: Scroll            |       |       |     6 |     6 |    22 |     4 ||    38
       Potion            |       |       |       |     3 |     4 |     5 ||    12
Armor: Leather armour    |    12 |       |       |       |       |       ||    12
       Plate armour      |   110 |    31 |    27 |       |       |       ||   168
       Scale mail        |       |       |   143 |       |       |       ||   143
       Ring mail         |       |       |     4 |   180 |   314 |       ||   498
       Troll leather arm |       |       |       |       |   349 |   438 ||   787
Dodge: Dodged            |    33 |     8 |    84 |   163 |   537 |   242 ||  1067
Block: Buckler           |       |     9 |    57 |    80 |   161 |       ||   307
       Tower shield      |       |       |       |       |   947 |  1057 ||  2004

Table legend: (Time is in decaauts)
 A = Elapsed time spent in this place.
 B = Non-inter-level travel time spent in this place.
 C = Inter-level travel time spent in this place.
 D = Time resting spent in this place.
 E = Time spent auto-exploring this place.
 F = Levels seen in this place.
 G = Mean time per level.
                   A        B        C        D        E       F      G
               +--------+--------+--------+--------+--------+-----+--------+
         Total |  39992 |  37778 |   2214 |  11652 |  15724 |  30 | 1333.1 |
       Dungeon |  19319 |  17896 |   1423 |   4248 |   9640 |  15 | 1287.9 |
        Temple |    132 |    132 |      0 |      0 |     92 |   1 |  132.0 |
          Lair |  13458 |  12815 |    643 |   5779 |   4250 |   6 | 2243.0 |
     Snake Pit |   3552 |   3429 |    123 |    866 |    771 |   3 | 1184.0 |
  Orcish Mines |   2354 |   2330 |     24 |    444 |    879 |   2 | 1177.0 |
         Abyss |     36 |     36 |      0 |      0 |      0 |   1 |   36.0 |
       Ossuary |    334 |    334 |      0 |     72 |     85 |   1 |  334.0 |
      Ice Cave |    804 |    804 |      0 |    242 |      6 |   1 |  804.0 |
               +--------+--------+--------+--------+--------+-----+--------+

Top non-repeatable levels by time:
  Lair:6: 3334 daAuts
  Lair:1: 2601 daAuts
    D:11: 2329 daAuts
  Lair:4: 2249 daAuts
  Lair:3: 2052 daAuts
  Lair:2: 1996 daAuts
    D:10: 1758 daAuts
     D:8: 1683 daAuts
     D:1: 1519 daAuts
    D:12: 1516 daAuts
 Snake:1: 1498 daAuts
     D:3: 1456 daAuts
    D:14: 1313 daAuts
   Orc:2: 1266 daAuts
 Snake:2: 1264 daAuts
